[ PARTIDA AOE2 · #478238984 ]
UnrankedMagiares vs Khmer
[ ANÁLISIS DE REPETICIÓN · EXTRAÍDO DE LA PARTIDA GRABADA ]
Feudal
9:10
Castillos
20:36
Imperial
32:56
| APM promedio | 32.4 |
| APM pico | 78 |
| eAPM promedio | 16.2 |
| Aldeanos / militares | 135 / 167 |
Foco
⚔️ 36.0% · 🌾 64.0%
Cavalry Archer ×159 · Trade Cart ×16 · Scout Cavalry ×5 · Knight ×3
Feudal
9:51
Castillos
15:26
Imperial
42:47
| APM promedio | 21.9 |
| APM pico | 45 |
| eAPM promedio | 15.8 |
| Aldeanos / militares | 173 / 139 |
Foco
⚔️ 18.9% · 🌾 81.1%
Battle Elephant ×121 · Knight ×18 · Trade Cart ×9
Feudal
9:39
Castillos
13:44
Imperial
28:38
| APM promedio | 32.8 |
| APM pico | 64 |
| eAPM promedio | 23.0 |
| Aldeanos / militares | 202 / 150 |
Foco
⚔️ 28.3% · 🌾 71.7%
War Elephant ×95 · Knight ×46 · Trade Cart ×20 · Bombard Cannon ×9
Feudal
12:40
Castillos
16:27
Imperial
31:14
| APM promedio | 36.6 |
| APM pico | 67 |
| eAPM promedio | 25.2 |
| Aldeanos / militares | 196 / 253 |
Foco
⚔️ 23.6% · 🌾 76.4%
Spearman ×219 · Mangonel ×30 · Trade Cart ×23 · Trebuchet (Packed) ×3 · Scorpion ×1
Feudal
18:37
Castillos
28:30
Imperial
—
| APM promedio | 13.9 |
| APM pico | 47 |
| eAPM promedio | 7.7 |
| Aldeanos / militares | 62 / 0 |
Foco
⚔️ 11.1% · 🌾 88.9%
Feudal
—
Castillos
—
Imperial
—
| APM promedio | 22.8 |
| APM pico | 48 |
| eAPM promedio | 16.9 |
| Aldeanos / militares | 141 / 254 |
Foco
⚔️ 28.9% · 🌾 71.1%
Spearman ×195 · Mangonel ×53 · Trade Cart ×13 · Monk ×2 · Knight ×2 · Scout Cavalry ×2
Feudal
11:03
Castillos
15:48
Imperial
31:33
| APM promedio | 33.3 |
| APM pico | 71 |
| eAPM promedio | 21.9 |
| Aldeanos / militares | 159 / 122 |
Foco
⚔️ 22.0% · 🌾 78.0%
Elephant Archer ×82 · Scout Cavalry ×25 · Trade Cart ×14 · Battle Elephant ×10 · Ratha (Ranged) ×4 · Monk ×1
Feudal
10:04
Castillos
20:12
Imperial
34:20
| APM promedio | 28.0 |
| APM pico | 160 |
| eAPM promedio | 20.8 |
| Aldeanos / militares | 183 / 110 |
Foco
⚔️ 12.4% · 🌾 87.6%
Spearman ×107 · Trade Cart ×5 · Militia ×3
Mapa de la partida
Recursos iniciales + cada clic de construcción. Líneas = muros · curvas = relieve. ◆ oro · ⬟ piedra · ● bayas · ✦ reliquia · ◌ hueco del cierre
Tu base· ✓ Cerrada en 20:36 · 13t muro · sin puerta
Base de 貓的貢丸· ✓ Cerrada en 15:26 · 27t muro · 1 puerta(s)
Base de Blade_PEC· Abierta — el rival se encerró
Base de BruceC· ✓ Cerrada en 16:27 · 0t muro · sin puerta
Base de willem.goossenss· ✓ Cerrada en 28:30 · 73t muro · 2 puerta(s)
Base de FML RedPheonix· Abierta — el rival se encerró
Base de 初夏花开· ✓ Cerrada en 15:48 · 0t muro · sin puerta
Base de Mothy· ✓ Cerrada en 20:12 · 26t muro · 1 puerta(s)
Terreno inicial suavizado · ◌ = hueco del cierre detectado · pasá el cursor para detalles
Inputs por minuto
— S3cc0 - - 貓的貢丸
Build order — S3cc0
Primeras 150 de 381 acciones detectadas
| 0:02 | Crear | Villager (Male) |
| 0:02 | Crear | Villager (Male) |
| 0:02 | Crear | Villager (Male) |
| 0:03 | Construir | House |
| 0:05 | Construir | House |
| 0:18 | Crear | Villager (Male) |
| 0:18 | Crear | Villager (Male) |
| 0:19 | Crear | Villager (Male) |
| 1:23 | Crear | Villager (Male) |
| 1:57 | Construir | Lumber Camp |
| 2:03 | Crear | Villager (Male) |
| 2:03 | Crear | Villager (Male) |
| 2:18 | Crear | Villager (Male) |
| 2:18 | Crear | Villager (Male) |
| 3:01 | Crear | Villager (Male) |
| 3:01 | Crear | Villager (Male) |
| 3:02 | Crear | Villager (Male) |
| 3:30 | Construir | House |
| 3:50 | Crear | Villager (Male) |
| 3:50 | Crear | Villager (Male) |
| 3:50 | Crear | Villager (Male) |
| 5:14 | Crear | Villager (Male) |
| 5:15 | Crear | Villager (Male) |
| 5:15 | Crear | Villager (Male) |
| 5:35 | Crear | Villager (Male) |
| 5:48 | Construir | Mill |
| 6:16 | Investigar | Loom |
| 6:16 | Investigar | Loom |
| 7:00 | Investigar | Feudal Age |
| 7:00 | Investigar | Feudal Age |
| 8:21 | Construir | Barracks |
| 8:27 | Crear | Villager (Male) |
| 8:28 | Crear | Villager (Male) |
| 8:39 | Crear | Villager (Male) |
| 9:10 | Edad | Edad Feudal |
| 9:12 | Investigar | Double-Bit Axe |
| 9:13 | Investigar | Double-Bit Axe |
| 9:38 | Crear | Villager (Male) |
| 9:44 | Construir | Stable |
| 9:52 | Crear | Villager (Male) |
| 10:08 | Construir | Palisade Wall |
| 10:13 | Construir | House |
| 10:45 | Crear | Villager (Male) |
| 10:46 | Crear | Scout Cavalry |
| 10:47 | Crear | Scout Cavalry |
| 10:51 | Construir | House |
| 10:52 | Construir | House |
| 10:55 | Construir | Palisade Wall |
| 11:01 | Construir | Palisade Wall |
| 11:05 | Crear | Villager (Male) |
| 11:10 | Investigar | Horse Collar |
| 11:11 | Investigar | Horse Collar |
| 11:14 | Construir | Farm |
| 11:17 | Construir | Farm |
| 11:18 | Crear | Scout Cavalry |
| 11:35 | Construir | Farm |
| 11:53 | Construir | Farm |
| 12:03 | Crear | Villager (Male) |
| 12:12 | Construir | Farm |
| 12:32 | Crear | Villager (Male) |
| 12:32 | Crear | Villager (Male) |
| 12:41 | Construir | Farm |
| 12:44 | Construir | Farm |
| 13:17 | Crear | Villager (Male) |
| 13:22 | Construir | Farm |
| 13:34 | Construir | Blacksmith |
| 13:54 | Crear | Villager (Male) |
| 13:55 | Crear | Scout Cavalry |
| 13:56 | Crear | Villager (Male) |
| 14:01 | Construir | Farm |
| 14:07 | Construir | Farm |
| 14:15 | Crear | Villager (Male) |
| 14:29 | Crear | Villager (Male) |
| 14:47 | Construir | Mining Camp |
| 15:15 | Crear | Villager (Male) |
| 15:42 | Crear | Villager (Male) |
| 15:47 | Construir | Farm |
| 15:50 | Construir | Farm |
| 16:01 | Investigar | Wheelbarrow |
| 16:11 | Crear | Scout Cavalry |
| 17:13 | Construir | Farm |
| 17:18 | Construir | Farm |
| 17:25 | Construir | Farm |
| 17:56 | Investigar | Castle Age |
| 17:57 | Investigar | Castle Age |
| 18:19 | Construir | Market |
| 20:36 | Edad | Edad de los Castillos |
| 20:43 | Construir | Town Center |
| 20:48 | Construir | Town Center |
| 21:13 | Construir | Town Center |
| 21:16 | Investigar | Bow Saw |
| 21:16 | Investigar | Bow Saw |
| 21:18 | Crear | Villager (Male) ×5 |
| 21:31 | Crear | Villager (Male) |
| 21:44 | Construir | Farm |
| 21:45 | Crear | Knight |
| 21:45 | Crear | Knight |
| 22:05 | Crear | Villager (Male) |
| 22:14 | Crear | Villager (Male) |
| 22:15 | Crear | Villager (Male) |
| 22:15 | Crear | Villager (Male) |
| 22:19 | Crear | Villager (Male) |
| 22:19 | Crear | Villager (Male) |
| 22:29 | Investigar | Heavy Plow |
| 22:29 | Investigar | Heavy Plow |
| 22:32 | Crear | Knight |
| 22:33 | Crear | Villager (Male) |
| 22:34 | Crear | Villager (Male) |
| 22:37 | Construir | Farm |
| 22:40 | Construir | Farm |
| 22:42 | Construir | Farm |
| 22:55 | Crear | Villager (Male) |
| 22:55 | Crear | Villager (Male) |
| 22:59 | Construir | Farm |
| 23:01 | Crear | Villager (Male) |
| 23:05 | Construir | Farm |
| 23:06 | Crear | Villager (Male) |
| 23:07 | Crear | Villager (Male) |
| 23:25 | Construir | Farm |
| 23:25 | Construir | Farm |
| 23:25 | Construir | Farm |
| 23:27 | Crear | Villager (Male) |
| 23:28 | Crear | Villager (Male) |
| 23:28 | Crear | Villager (Male) |
| 23:35 | Construir | Farm |
| 23:38 | Construir | Farm |
| 23:41 | Construir | Farm |
| 23:42 | Crear | Villager (Male) |
| 23:48 | Construir | House |
| 23:50 | Construir | House |
| 23:51 | Construir | House |
| 24:25 | Crear | Villager (Male) |
| 24:26 | Crear | Villager (Male) |
| 24:26 | Crear | Villager (Male) |
| 24:26 | Crear | Villager (Male) |
| 24:26 | Crear | Villager (Male) |
| 24:38 | Construir | Farm |
| 24:45 | Crear | Villager (Male) |
| 24:45 | Crear | Villager (Male) |
| 24:47 | Investigar | Hand Cart |
| 24:51 | Construir | Farm |
| 24:53 | Construir | Farm |
| 24:57 | Construir | Farm |
| 25:06 | Crear | Villager (Male) |
| 25:07 | Crear | Villager (Male) |
| 25:09 | Construir | Farm |
| 25:12 | Construir | Farm |
| 25:17 | Construir | Farm |
| 25:18 | Crear | Villager (Male) |
| 25:18 | Crear | Villager (Male) |
Build order — 貓的貢丸
Primeras 150 de 396 acciones detectadas
| 0:00 | Crear | Villager (Male) |
| 0:01 | Crear | Villager (Male) |
| 0:01 | Crear | Villager (Male) |
| 0:01 | Crear | Villager (Male) |
| 0:04 | Construir | House |
| 0:04 | Construir | House |
| 0:04 | Construir | House |
| 1:41 | Crear | Villager (Male) |
| 2:06 | Crear | Villager (Male) |
| 2:29 | Crear | Villager (Male) |
| 3:12 | Crear | Villager (Male) |
| 3:40 | Crear | Villager (Male) |
| 4:21 | Crear | Villager (Male) |
| 4:24 | Crear | Villager (Male) |
| 4:31 | Construir | House |
| 4:47 | Crear | Villager (Male) |
| 5:25 | Crear | Villager (Male) |
| 5:32 | Construir | Lumber Camp |
| 5:33 | Crear | Villager (Male) |
| 5:50 | Crear | Villager (Male) |
| 6:02 | Crear | Villager (Male) |
| 6:21 | Crear | Villager (Male) |
| 7:28 | Investigar | Feudal Age |
| 8:05 | Construir | Mill |
| 8:40 | Construir | Mining Camp |
| 9:02 | Crear | Villager (Male) |
| 9:31 | Construir | House |
| 9:31 | Construir | House |
| 9:42 | Crear | Villager (Male) |
| 9:50 | Crear | Villager (Male) |
| 9:51 | Edad | Edad Feudal |
| 10:08 | Construir | Stone Wall |
| 10:10 | Crear | Villager (Male) |
| 10:11 | Crear | Villager (Male) |
| 10:19 | Crear | Villager (Male) |
| 10:57 | Crear | Villager (Male) |
| 11:02 | Investigar | Loom |
| 11:17 | Crear | Villager (Male) |
| 11:23 | Construir | Gate |
| 11:26 | Crear | Villager (Male) |
| 11:33 | Crear | Villager (Male) |
| 11:48 | Construir | Farm |
| 11:50 | Construir | Farm |
| 11:51 | Construir | Farm |
| 11:52 | Construir | Farm |
| 12:00 | Crear | Villager (Male) |
| 12:13 | Construir | Mining Camp |
| 12:15 | Crear | Villager (Male) |
| 12:17 | Crear | Villager (Male) |
| 12:45 | Investigar | Castle Age |
| 13:00 | Crear | Villager (Male) |
| 13:15 | Construir | Stone Wall |
| 13:19 | Crear | Villager (Male) |
| 13:44 | Investigar | Double-Bit Axe |
| 13:48 | Investigar | Horse Collar |
| 14:06 | Crear | Villager (Male) |
| 14:30 | Crear | Villager (Male) |
| 14:57 | Crear | Villager (Male) |
| 15:04 | Crear | Villager (Male) |
| 15:26 | Edad | Edad de los Castillos |
| 15:29 | Construir | Town Center |
| 15:43 | Crear | Villager (Male) |
| 15:44 | Crear | Villager (Male) |
| 15:47 | Investigar | Stone Mining |
| 16:02 | Crear | Villager (Male) |
| 16:41 | Crear | Villager (Male) |
| 16:57 | Construir | Farm |
| 16:57 | Construir | Farm |
| 17:17 | Crear | Villager (Male) |
| 17:18 | Crear | Villager (Male) |
| 17:18 | Crear | Villager (Male) |
| 17:42 | Construir | Lumber Camp |
| 17:51 | Crear | Villager (Male) |
| 17:56 | Crear | Villager (Male) |
| 18:00 | Crear | Villager (Male) |
| 18:04 | Construir | Farm |
| 18:05 | Construir | Farm |
| 18:06 | Construir | Farm |
| 18:08 | Crear | Villager (Male) |
| 18:31 | Construir | Farm |
| 18:40 | Construir | Farm |
| 18:41 | Construir | Farm |
| 18:42 | Construir | Farm |
| 18:44 | Crear | Villager (Male) |
| 19:00 | Crear | Villager (Male) |
| 19:16 | Construir | Farm |
| 19:16 | Construir | Farm |
| 19:17 | Construir | Farm |
| 19:18 | Construir | Farm |
| 19:19 | Construir | Farm |
| 19:26 | Crear | Villager (Male) |
| 19:30 | Construir | House |
| 19:30 | Construir | House |
| 19:31 | Construir | House |
| 19:31 | Construir | House |
| 20:01 | Crear | Villager (Male) |
| 20:10 | Crear | Villager (Male) |
| 20:17 | Crear | Villager (Male) |
| 20:26 | Crear | Villager (Male) |
| 20:34 | Construir | Town Center |
| 20:36 | Crear | Villager (Male) |
| 20:40 | Crear | Villager (Male) |
| 20:44 | Crear | Villager (Male) |
| 20:57 | Construir | Farm |
| 20:58 | Construir | Farm |
| 20:59 | Construir | Farm |
| 20:59 | Construir | Farm |
| 21:00 | Construir | Farm |
| 21:02 | Crear | Villager (Male) |
| 21:11 | Crear | Villager (Male) |
| 21:15 | Crear | Villager (Male) |
| 21:18 | Crear | Villager (Male) |
| 21:23 | Construir | Farm |
| 21:24 | Construir | Farm |
| 21:26 | Construir | Farm |
| 21:27 | Construir | Farm |
| 21:29 | Crear | Villager (Male) |
| 21:37 | Construir | House |
| 21:38 | Construir | House |
| 21:38 | Construir | House |
| 21:38 | Construir | House |
| 21:38 | Construir | House |
| 21:39 | Construir | House |
| 21:39 | Construir | House |
| 21:39 | Construir | House |
| 21:40 | Construir | House |
| 21:43 | Crear | Villager (Male) |
| 21:50 | Crear | Villager (Male) |
| 21:53 | Crear | Villager (Male) |
| 22:01 | Crear | Villager (Male) |
| 22:12 | Crear | Villager (Male) |
| 22:15 | Crear | Villager (Male) |
| 22:27 | Crear | Villager (Male) |
| 22:45 | Construir | Town Center |
| 22:47 | Crear | Villager (Male) |
| 23:02 | Crear | Villager (Male) |
| 23:06 | Construir | Farm |
| 23:07 | Construir | Farm |
| 23:08 | Construir | Farm |
| 23:08 | Construir | Farm |
| 23:11 | Crear | Villager (Male) |
| 23:15 | Crear | Villager (Male) |
| 23:21 | Investigar | Town Watch |
| 23:27 | Investigar | Wheelbarrow |
| 23:28 | Crear | Villager (Male) |
| 23:32 | Crear | Villager (Male) |
| 23:46 | Crear | Villager (Male) |
| 23:56 | Crear | Villager (Male) |
| 24:26 | Crear | Villager (Male) |
| 24:27 | Crear | Villager (Male) |
Build order — Blade_PEC
Primeras 150 de 596 acciones detectadas
| 0:01 | Crear | Villager (Male) |
| 0:02 | Crear | Villager (Male) |
| 0:02 | Crear | Villager (Male) |
| 0:03 | Construir | House |
| 0:04 | Construir | House |
| 0:18 | Crear | Villager (Male) |
| 0:18 | Crear | Villager (Male) |
| 1:31 | Crear | Villager (Male) |
| 1:31 | Crear | Villager (Male) |
| 1:55 | Construir | Lumber Camp |
| 2:13 | Crear | Villager (Male) |
| 2:13 | Crear | Villager (Male) |
| 2:49 | Crear | Villager (Male) |
| 2:49 | Crear | Villager (Male) |
| 2:49 | Crear | Villager (Male) |
| 3:14 | Construir | House |
| 3:17 | Crear | Villager (Male) |
| 3:17 | Crear | Villager (Male) |
| 3:54 | Crear | Villager (Male) |
| 3:54 | Crear | Villager (Male) |
| 4:26 | Crear | Villager (Male) |
| 4:50 | Crear | Villager (Male) |
| 5:19 | Construir | House |
| 5:30 | Crear | Villager (Male) |
| 5:58 | Crear | Villager (Male) |
| 6:10 | Construir | Mill |
| 6:19 | Crear | Villager (Male) |
| 6:45 | Crear | Villager (Male) |
| 6:47 | Investigar | Loom |
| 7:30 | Investigar | Feudal Age |
| 7:31 | Investigar | Feudal Age |
| 8:00 | Construir | Mining Camp |
| 8:50 | Crear | Villager (Male) |
| 8:59 | Construir | Farm |
| 9:00 | Construir | Farm |
| 9:39 | Edad | Edad Feudal |
| 9:55 | Construir | Market |
| 9:58 | Construir | Blacksmith |
| 10:01 | Crear | Villager (Male) |
| 10:25 | Crear | Villager (Male) |
| 10:36 | Crear | Villager (Male) |
| 11:19 | Investigar | Castle Age |
| 11:19 | Investigar | Castle Age |
| 12:03 | Investigar | Double-Bit Axe |
| 13:06 | Investigar | Horse Collar |
| 13:07 | Investigar | Horse Collar |
| 13:09 | Crear | Villager (Male) |
| 13:44 | Edad | Edad de los Castillos |
| 13:49 | Investigar | Wheelbarrow |
| 13:54 | Construir | Town Center |
| 14:03 | Crear | Villager (Male) |
| 14:07 | Construir | House |
| 14:54 | Construir | Town Center |
| 14:55 | Crear | Villager (Male) |
| 15:16 | Crear | Villager (Male) |
| 15:21 | Crear | Villager (Male) |
| 15:25 | Investigar | Bow Saw |
| 15:26 | Crear | Villager (Male) |
| 15:44 | Crear | Villager (Male) |
| 16:04 | Crear | Villager (Male) |
| 16:10 | Construir | Farm |
| 16:10 | Construir | Farm |
| 16:11 | Construir | Farm |
| 16:11 | Construir | Farm |
| 16:11 | Construir | Farm |
| 16:12 | Construir | Farm |
| 16:12 | Construir | Farm |
| 16:13 | Crear | Villager (Male) |
| 16:30 | Crear | Villager (Male) |
| 16:33 | Crear | Villager (Male) |
| 16:39 | Construir | Farm |
| 16:39 | Construir | Farm |
| 16:39 | Construir | Farm |
| 16:40 | Construir | Farm |
| 16:46 | Construir | Farm |
| 16:57 | Construir | Farm |
| 16:58 | Construir | Farm |
| 17:15 | Crear | Villager (Male) |
| 17:19 | Construir | Farm |
| 17:21 | Construir | Farm |
| 17:22 | Crear | Villager (Male) |
| 17:34 | Construir | Farm |
| 17:35 | Crear | Villager (Male) |
| 17:35 | Crear | Villager (Male) |
| 17:50 | Crear | Villager (Male) |
| 17:50 | Crear | Villager (Male) |
| 17:54 | Crear | Villager (Male) |
| 17:55 | Crear | Villager (Male) |
| 18:02 | Construir | Town Center |
| 18:07 | Crear | Villager (Male) |
| 18:07 | Crear | Villager (Male) |
| 18:10 | Construir | House |
| 18:15 | Construir | Farm |
| 18:18 | Crear | Villager (Male) |
| 18:18 | Crear | Villager (Male) |
| 18:27 | Construir | House |
| 18:28 | Construir | House |
| 18:29 | Crear | Villager (Male) |
| 18:38 | Crear | Villager (Male) |
| 18:38 | Crear | Villager (Male) |
| 18:39 | Crear | Villager (Male) |
| 18:42 | Construir | Farm |
| 18:43 | Construir | Farm |
| 18:53 | Crear | Villager (Male) |
| 19:03 | Crear | Villager (Male) |
| 19:05 | Construir | Farm |
| 19:06 | Crear | Villager (Male) |
| 19:09 | Construir | Farm |
| 19:28 | Crear | Villager (Male) |
| 19:31 | Construir | Farm |
| 19:32 | Construir | Farm |
| 19:33 | Crear | Villager (Male) |
| 19:33 | Crear | Villager (Male) |
| 19:36 | Crear | Villager (Male) |
| 19:37 | Crear | Villager (Male) |
| 19:37 | Crear | Villager (Male) |
| 19:41 | Construir | House |
| 19:43 | Construir | House |
| 19:49 | Crear | Villager (Male) |
| 19:49 | Crear | Villager (Male) |
| 20:10 | Investigar | Heavy Plow |
| 20:10 | Investigar | Heavy Plow |
| 20:11 | Crear | Villager (Male) |
| 20:11 | Crear | Villager (Male) |
| 20:11 | Crear | Villager (Male) |
| 20:14 | Construir | Farm |
| 20:16 | Crear | Villager (Male) |
| 20:17 | Crear | Villager (Male) |
| 20:20 | Construir | Farm |
| 20:22 | Construir | Farm |
| 20:24 | Construir | Farm |
| 20:26 | Construir | Farm |
| 20:27 | Crear | Villager (Male) |
| 20:27 | Crear | Villager (Male) |
| 20:27 | Crear | Villager (Male) |
| 20:38 | Construir | House |
| 20:39 | Construir | House |
| 20:40 | Crear | Villager (Male) |
| 20:43 | Crear | Villager (Male) |
| 20:46 | Construir | Farm |
| 20:49 | Construir | Farm |
| 20:49 | Crear | Villager (Male) |
| 20:49 | Crear | Villager (Male) |
| 20:51 | Construir | Farm |
| 20:57 | Crear | Villager (Male) |
| 20:57 | Crear | Villager (Male) |
| 21:00 | Construir | Farm |
| 21:01 | Construir | Farm |
| 21:09 | Crear | Villager (Male) |
| 21:09 | Crear | Villager (Male) |
Build order — BruceC
Primeras 150 de 540 acciones detectadas
| 0:01 | Crear | Villager (Male) |
| 0:01 | Crear | Villager (Male) |
| 0:02 | Crear | Villager (Male) |
| 0:03 | Construir | House |
| 0:04 | Construir | House |
| 0:18 | Crear | Villager (Male) |
| 0:18 | Crear | Villager (Male) |
| 1:25 | Crear | Villager (Male) |
| 1:25 | Crear | Villager (Male) |
| 1:55 | Construir | Lumber Camp |
| 2:02 | Crear | Villager (Male) |
| 2:02 | Crear | Villager (Male) |
| 2:16 | Crear | Villager (Male) |
| 2:16 | Crear | Villager (Male) |
| 2:48 | Crear | Villager (Male) |
| 2:49 | Crear | Villager (Male) |
| 2:53 | Construir | House |
| 2:56 | Construir | House |
| 3:05 | Crear | Villager (Male) |
| 3:06 | Crear | Villager (Male) |
| 3:06 | Crear | Villager (Male) |
| 3:41 | Crear | Villager (Male) |
| 3:42 | Crear | Villager (Male) |
| 3:58 | Crear | Villager (Male) |
| 3:58 | Crear | Villager (Male) |
| 4:27 | Crear | Villager (Male) |
| 4:27 | Crear | Villager (Male) |
| 4:54 | Crear | Villager (Male) |
| 4:54 | Crear | Villager (Male) |
| 4:54 | Crear | Villager (Male) |
| 5:30 | Crear | Villager (Male) |
| 5:30 | Crear | Villager (Male) |
| 5:33 | Crear | Villager (Male) |
| 5:33 | Crear | Villager (Male) |
| 6:09 | Crear | Villager (Male) |
| 6:09 | Crear | Villager (Male) |
| 6:16 | Construir | Mill |
| 7:08 | Construir | House |
| 7:27 | Crear | Villager (Male) |
| 7:27 | Crear | Villager (Male) |
| 7:41 | Crear | Villager (Male) |
| 8:14 | Crear | Villager (Male) |
| 8:37 | Construir | Lumber Camp |
| 8:42 | Crear | Villager (Male) |
| 8:42 | Crear | Villager (Male) |
| 8:42 | Crear | Villager (Male) |
| 8:43 | Crear | Villager (Male) |
| 9:49 | Construir | Mining Camp |
| 10:18 | Investigar | Feudal Age |
| 10:19 | Investigar | Feudal Age |
| 10:37 | Construir | Farm |
| 10:41 | Construir | Farm |
| 10:43 | Construir | Farm |
| 10:50 | Construir | Farm |
| 11:36 | Crear | Villager (Male) |
| 11:36 | Crear | Villager (Male) |
| 12:01 | Construir | House |
| 12:40 | Edad | Edad Feudal |
| 12:42 | Construir | Market |
| 12:48 | Construir | Blacksmith |
| 12:59 | Construir | Farm |
| 12:59 | Construir | Farm |
| 13:47 | Investigar | Castle Age |
| 13:47 | Investigar | Castle Age |
| 14:00 | Investigar | Double-Bit Axe |
| 14:00 | Investigar | Double-Bit Axe |
| 14:01 | Investigar | Horse Collar |
| 14:01 | Investigar | Horse Collar |
| 14:28 | Construir | Farm |
| 14:39 | Construir | House |
| 14:41 | Construir | House |
| 14:42 | Construir | House |
| 16:03 | Crear | Villager (Male) |
| 16:04 | Crear | Villager (Male) |
| 16:27 | Edad | Edad de los Castillos |
| 16:33 | Construir | Town Center |
| 16:40 | Construir | Town Center |
| 16:47 | Construir | Town Center |
| 16:50 | Investigar | Bow Saw |
| 17:00 | Crear | Villager (Male) |
| 17:24 | Crear | Villager (Male) |
| 17:25 | Crear | Villager (Male) |
| 17:40 | Construir | Siege Workshop |
| 17:41 | Crear | Villager (Male) |
| 17:50 | Construir | Town Center |
| 17:53 | Crear | Villager (Male) |
| 17:55 | Crear | Villager (Male) |
| 17:57 | Crear | Villager (Male) |
| 18:10 | Construir | Farm |
| 18:12 | Construir | Farm |
| 18:20 | Crear | Villager (Male) |
| 18:25 | Crear | Villager (Male) |
| 18:28 | Crear | Villager (Male) |
| 18:29 | Crear | Villager (Male) |
| 18:29 | Crear | Villager (Male) |
| 18:29 | Crear | Villager (Male) |
| 18:34 | Construir | Farm |
| 18:35 | Construir | Farm |
| 18:41 | Construir | Farm |
| 18:43 | Construir | Farm |
| 18:46 | Crear | Villager (Male) |
| 18:47 | Crear | Villager (Male) |
| 18:48 | Crear | Villager (Male) |
| 18:57 | Construir | Farm |
| 18:59 | Construir | Farm |
| 19:03 | Crear | Villager (Male) |
| 19:03 | Crear | Villager (Male) |
| 19:13 | Crear | Villager (Male) |
| 19:14 | Construir | House |
| 19:21 | Construir | Farm |
| 19:24 | Construir | Farm |
| 19:26 | Crear | Villager (Male) |
| 19:26 | Crear | Villager (Male) |
| 19:29 | Construir | Farm |
| 19:51 | Crear | Mangonel |
| 19:53 | Crear | Villager (Male) |
| 19:54 | Crear | Villager (Male) |
| 19:54 | Crear | Villager (Male) |
| 19:54 | Crear | Villager (Male) |
| 20:00 | Construir | House |
| 20:04 | Construir | Farm |
| 20:06 | Construir | Farm |
| 20:06 | Construir | Farm |
| 20:08 | Construir | Farm |
| 20:09 | Construir | Farm |
| 20:14 | Crear | Villager (Male) |
| 20:16 | Construir | Farm |
| 20:21 | Construir | Farm |
| 20:22 | Construir | Farm |
| 20:23 | Construir | Farm |
| 20:27 | Crear | Villager (Male) |
| 20:27 | Crear | Villager (Male) |
| 20:28 | Crear | Villager (Male) |
| 20:28 | Crear | Villager (Male) |
| 20:28 | Crear | Villager (Male) |
| 20:38 | Construir | House |
| 20:39 | Construir | House |
| 20:44 | Crear | Villager (Male) |
| 20:45 | Crear | Villager (Male) |
| 20:49 | Construir | Farm |
| 20:50 | Construir | Farm |
| 20:51 | Construir | Farm |
| 21:00 | Construir | Mill |
| 21:01 | Crear | Villager (Male) |
| 21:01 | Crear | Villager (Male) |
| 21:01 | Crear | Villager (Male) |
| 21:01 | Crear | Villager (Male) |
| 21:04 | Construir | Farm |
| 21:05 | Construir | Farm |
| 21:07 | Crear | Villager (Male) |
Build order — willem.goossenss
145 acciones detectadas en el replay
| 0:13 | Investigar | Loom |
| 1:51 | Crear | Villager (Male) |
| 2:43 | Crear | Villager (Male) |
| 2:43 | Crear | Villager (Male) |
| 3:19 | Crear | Villager (Male) |
| 3:19 | Crear | Villager (Male) |
| 3:37 | Construir | House |
| 3:51 | Crear | Villager (Male) |
| 3:51 | Crear | Villager (Male) |
| 4:00 | Construir | House |
| 4:04 | Construir | Palisade Wall |
| 4:23 | Crear | Villager (Male) |
| 4:23 | Crear | Villager (Male) |
| 5:14 | Crear | Villager (Male) |
| 5:14 | Crear | Villager (Male) |
| 6:07 | Crear | Villager (Male) |
| 6:07 | Crear | Villager (Male) |
| 6:07 | Crear | Villager (Male) |
| 6:17 | Construir | Palisade Wall |
| 6:37 | Construir | Palisade Wall |
| 6:51 | Construir | Palisade Wall |
| 7:07 | Crear | Villager (Male) |
| 7:07 | Crear | Villager (Male) |
| 7:08 | Crear | Villager (Male) |
| 7:42 | Construir | Mill |
| 7:44 | Crear | Villager (Male) |
| 7:44 | Crear | Villager (Male) |
| 8:23 | Construir | Palisade Wall |
| 8:26 | Construir | Palisade Wall |
| 8:30 | Construir | Palisade Wall |
| 8:34 | Construir | Palisade Wall |
| 8:39 | Construir | Palisade Wall |
| 8:52 | Construir | Palisade Wall |
| 8:58 | Construir | Palisade Wall |
| 9:30 | Crear | Villager (Male) |
| 9:30 | Crear | Villager (Male) |
| 9:30 | Crear | Villager (Male) |
| 9:53 | Crear | Villager (Male) |
| 9:54 | Crear | Villager (Male) |
| 9:57 | Construir | Lumber Camp |
| 11:06 | Crear | Villager (Male) |
| 11:06 | Crear | Villager (Male) |
| 11:34 | Crear | Villager (Male) |
| 12:13 | Crear | Villager (Male) |
| 12:13 | Crear | Villager (Male) |
| 12:32 | Construir | House |
| 12:58 | Construir | House |
| 13:02 | Crear | Villager (Male) |
| 13:02 | Crear | Villager (Male) |
| 13:03 | Crear | Villager (Male) |
| 13:23 | Construir | House |
| 13:26 | Crear | Villager (Male) |
| 13:43 | Crear | Villager (Male) |
| 14:12 | Crear | Villager (Male) |
| 14:37 | Construir | Palisade Wall |
| 14:56 | Construir | Palisade Wall |
| 14:57 | Crear | Villager (Male) |
| 15:03 | Construir | Palisade Gate |
| 15:09 | Construir | House |
| 15:21 | Construir | Palisade Wall |
| 15:25 | Construir | Palisade Gate |
| 15:35 | Construir | Farm |
| 15:36 | Construir | Farm |
| 15:37 | Construir | Farm |
| 15:38 | Construir | Farm |
| 15:48 | Construir | House |
| 15:51 | Construir | House |
| 15:55 | Construir | House |
| 15:56 | Construir | House |
| 15:57 | Construir | House |
| 15:58 | Construir | House |
| 15:59 | Construir | House |
| 16:27 | Investigar | Feudal Age |
| 16:27 | Investigar | Feudal Age |
| 16:52 | Construir | Palisade Wall |
| 16:56 | Construir | House |
| 16:57 | Construir | Palisade Wall |
| 17:00 | Construir | Palisade Wall |
| 17:09 | Construir | Palisade Wall |
| 17:27 | Construir | Farm |
| 17:28 | Construir | Farm |
| 17:29 | Construir | Farm |
| 17:30 | Construir | Farm |
| 17:31 | Construir | Farm |
| 17:57 | Construir | Palisade Wall |
| 18:23 | Construir | Palisade Wall |
| 18:34 | Construir | Palisade Wall |
| 18:37 | Edad | Edad Feudal |
| 18:37 | Construir | Palisade Wall |
| 18:42 | Crear | Villager (Male) |
| 18:42 | Crear | Villager (Male) |
| 18:43 | Investigar | Double-Bit Axe |
| 18:46 | Investigar | Horse Collar |
| 19:00 | Construir | Palisade Wall |
| 19:26 | Construir | Mining Camp |
| 20:01 | Investigar | Wheelbarrow |
| 20:14 | Construir | Market |
| 20:55 | Construir | Blacksmith |
| 21:05 | Crear | Villager (Male) |
| 21:06 | Crear | Villager (Male) |
| 21:47 | Construir | House |
| 21:48 | Construir | House |
| 21:49 | Construir | House |
| 22:46 | Crear | Villager (Male) |
| 22:50 | Construir | House |
| 22:51 | Construir | House |
| 23:08 | Construir | Mining Camp |
| 23:40 | Construir | House |
| 24:20 | Construir | Mining Camp |
| 24:52 | Construir | Palisade Wall |
| 24:55 | Construir | House |
| 24:56 | Construir | Palisade Wall |
| 25:00 | Construir | Palisade Wall |
| 25:06 | Construir | House |
| 25:36 | Construir | Farm |
| 25:50 | Investigar | Castle Age |
| 25:58 | Construir | Lumber Camp |
| 26:48 | Investigar | Gold Mining |
| 26:50 | Investigar | Stone Mining |
| 28:30 | Edad | Edad de los Castillos |
| 28:36 | Crear | Villager (Male) |
| 28:37 | Crear | Villager (Male) |
| 29:08 | Crear | Villager (Male) |
| 29:26 | Crear | Villager (Male) |
| 30:04 | Crear | Villager (Male) |
| 31:03 | Crear | Villager (Male) |
| 31:03 | Crear | Villager (Male) |
| 31:03 | Crear | Villager (Male) |
| 31:04 | Crear | Villager (Male) |
| 32:07 | Crear | Villager (Male) |
| 32:07 | Crear | Villager (Male) |
| 32:20 | Construir | Castle |
| 32:35 | Investigar | Bow Saw |
| 32:55 | Crear | Villager (Male) |
| 32:55 | Crear | Villager (Male) |
| 34:09 | Crear | Villager (Male) |
| 34:09 | Crear | Villager (Male) |
| 37:15 | Crear | Villager (Male) |
| 37:16 | Crear | Villager (Male) |
| 37:16 | Crear | Villager (Male) |
| 37:16 | Crear | Villager (Male) |
| 37:16 | Crear | Villager (Male) |
| 37:16 | Crear | Villager (Male) |
| 39:02 | Construir | Lumber Camp |
| 42:28 | Construir | Mining Camp |
Build order — FML RedPheonix
Primeras 150 de 396 acciones detectadas
| 0:01 | Crear | Villager (Male) |
| 0:01 | Crear | Villager (Male) |
| 0:02 | Crear | Villager (Male) |
| 0:03 | Construir | House |
| 0:04 | Construir | House |
| 0:13 | Crear | Villager (Male) |
| 0:14 | Crear | Villager (Male) |
| 1:32 | Crear | Villager (Male) |
| 1:32 | Crear | Villager (Male) |
| 1:55 | Construir | Lumber Camp |
| 2:07 | Crear | Villager (Male) |
| 2:18 | Crear | Villager (Male) |
| 2:53 | Crear | Villager (Male) |
| 3:15 | Crear | Villager (Male) |
| 3:32 | Construir | House |
| 3:43 | Crear | Villager (Male) |
| 4:10 | Crear | Villager (Male) |
| 4:11 | Crear | Villager (Male) |
| 4:40 | Crear | Villager (Male) |
| 4:40 | Crear | Villager (Male) |
| 5:04 | Crear | Villager (Male) |
| 5:04 | Crear | Villager (Male) |
| 5:10 | Construir | House |
| 5:56 | Crear | Villager (Male) |
| 5:56 | Crear | Villager (Male) |
| 6:10 | Crear | Villager (Male) |
| 6:11 | Crear | Villager (Male) |
| 6:36 | Construir | Mill |
| 6:58 | Crear | Villager (Male) |
| 6:59 | Crear | Villager (Male) |
| 7:18 | Construir | Mining Camp |
| 7:25 | Crear | Villager (Male) |
| 7:52 | Construir | Farm |
| 7:55 | Construir | Farm |
| 8:41 | Investigar | Feudal Age |
| 9:28 | Construir | Barracks |
| 10:20 | Crear | Villager (Male) |
| 10:20 | Crear | Villager (Male) |
| 11:09 | Construir | Stable |
| 11:13 | Construir | Blacksmith |
| 11:57 | Crear | Villager (Male) |
| 12:27 | Investigar | Castle Age |
| 12:27 | Investigar | Castle Age |
| 12:57 | Crear | Scout Cavalry |
| 13:12 | Crear | Scout Cavalry |
| 13:26 | Investigar | Double-Bit Axe |
| 13:27 | Investigar | Horse Collar |
| 14:18 | Construir | Farm |
| 14:19 | Construir | Farm |
| 14:20 | Construir | Farm |
| 14:22 | Construir | Farm |
| 14:53 | Investigar | Loom |
| 14:55 | Investigar | Wheelbarrow |
| 15:09 | Construir | Monastery |
| 15:10 | Crear | Villager (Male) |
| 15:10 | Crear | Villager (Male) |
| 15:14 | Construir | Town Center |
| 15:17 | Crear | Villager (Male) |
| 15:39 | Crear | Knight |
| 15:48 | Construir | House |
| 15:49 | Crear | Monk |
| 16:20 | Crear | Villager (Male) |
| 16:20 | Crear | Villager (Male) |
| 17:10 | Investigar | Heavy Plow |
| 17:17 | Construir | Town Center |
| 17:36 | Crear | Villager (Male) |
| 17:36 | Crear | Villager (Male) |
| 17:37 | Crear | Villager (Male) |
| 17:38 | Construir | Farm |
| 17:50 | Crear | Villager (Male) |
| 17:50 | Crear | Villager (Male) |
| 18:13 | Construir | Farm |
| 18:17 | Crear | Villager (Male) |
| 18:17 | Crear | Villager (Male) |
| 18:28 | Crear | Knight |
| 18:38 | Crear | Villager (Male) |
| 18:38 | Crear | Villager (Male) |
| 18:57 | Construir | Palisade Wall |
| 19:05 | Crear | Monk |
| 19:09 | Construir | Farm |
| 19:09 | Construir | Farm |
| 19:10 | Construir | Farm |
| 19:10 | Construir | Farm |
| 19:33 | Crear | Villager (Male) |
| 19:33 | Crear | Villager (Male) |
| 19:36 | Crear | Villager (Male) |
| 19:36 | Crear | Villager (Male) |
| 19:37 | Crear | Villager (Male) |
| 19:42 | Construir | Farm |
| 20:06 | Crear | Villager (Male) |
| 20:06 | Crear | Villager (Male) |
| 20:07 | Crear | Villager (Male) |
| 20:13 | Construir | Mill |
| 20:15 | Construir | Farm |
| 20:15 | Construir | Farm |
| 20:15 | Construir | Farm |
| 20:15 | Construir | Farm |
| 20:16 | Construir | Farm |
| 20:16 | Construir | Farm |
| 20:16 | Construir | Farm |
| 20:29 | Construir | Palisade Gate |
| 20:33 | Crear | Villager (Male) |
| 20:34 | Crear | Villager (Male) |
| 20:35 | Construir | House |
| 20:37 | Construir | House |
| 20:37 | Construir | House |
| 20:50 | Crear | Villager (Male) |
| 20:50 | Crear | Villager (Male) |
| 20:53 | Construir | Farm |
| 20:57 | Construir | Farm |
| 21:07 | Construir | Farm |
| 21:27 | Investigar | Devotion |
| 21:30 | Crear | Villager (Male) |
| 21:31 | Crear | Villager (Male) |
| 21:31 | Crear | Villager (Male) |
| 21:35 | Construir | Farm |
| 21:36 | Construir | Farm |
| 21:37 | Construir | Farm |
| 21:50 | Construir | Palisade Wall |
| 22:07 | Construir | Outpost |
| 22:08 | Crear | Villager (Male) |
| 22:08 | Crear | Villager (Male) |
| 22:08 | Crear | Villager (Male) |
| 22:10 | Investigar | Town Watch |
| 22:11 | Investigar | Bow Saw |
| 22:11 | Investigar | Bow Saw |
| 22:15 | Construir | Farm |
| 22:17 | Construir | Farm |
| 22:27 | Construir | Lumber Camp |
| 22:32 | Crear | Villager (Male) |
| 22:32 | Crear | Villager (Male) |
| 22:34 | Crear | Villager (Male) |
| 22:35 | Crear | Villager (Male) |
| 22:37 | Construir | House |
| 22:38 | Construir | House |
| 22:47 | Crear | Villager (Male) |
| 22:56 | Crear | Villager (Male) |
| 22:56 | Crear | Villager (Male) |
| 23:12 | Construir | Stone Wall |
| 23:18 | Construir | Outpost |
| 23:19 | Crear | Villager (Male) |
| 23:19 | Crear | Villager (Male) |
| 23:19 | Crear | Villager (Male) |
| 23:20 | Crear | Villager (Male) |
| 23:25 | Construir | Farm |
| 23:25 | Construir | Farm |
| 23:25 | Construir | Farm |
| 23:26 | Construir | Farm |
| 23:36 | Crear | Villager (Male) |
| 24:29 | Crear | Villager (Male) |
Build order — 初夏花开
Primeras 150 de 415 acciones detectadas
| 0:04 | Crear | Villager (Male) ×4 |
| 0:05 | Construir | House |
| 0:06 | Construir | House |
| 1:34 | Crear | Villager (Male) |
| 1:34 | Crear | Villager (Male) |
| 1:43 | Crear | Villager (Male) |
| 2:09 | Crear | Villager (Male) |
| 3:00 | Crear | Villager (Male) |
| 3:01 | Crear | Villager (Male) |
| 3:02 | Crear | Villager (Male) |
| 3:03 | Crear | Villager (Male) |
| 3:09 | Construir | House |
| 3:13 | Construir | Lumber Camp |
| 3:37 | Crear | Villager (Male) |
| 3:37 | Crear | Villager (Male) |
| 4:07 | Crear | Villager (Male) |
| 4:08 | Crear | Villager (Male) |
| 4:26 | Crear | Villager (Male) |
| 4:26 | Crear | Villager (Male) |
| 4:38 | Construir | Mill |
| 4:49 | Crear | Villager (Male) |
| 5:09 | Construir | House |
| 5:14 | Crear | Villager (Male) |
| 5:14 | Crear | Villager (Male) |
| 5:26 | Construir | House |
| 5:27 | Construir | House |
| 5:37 | Crear | Villager (Male) |
| 5:38 | Crear | Villager (Male) |
| 5:44 | Crear | Villager (Male) |
| 6:13 | Crear | Villager (Male) |
| 6:13 | Crear | Villager (Male) |
| 6:13 | Crear | Villager (Male) |
| 6:44 | Crear | Villager (Male) |
| 6:45 | Crear | Villager (Male) |
| 6:46 | Crear | Villager (Male) |
| 6:46 | Crear | Villager (Male) |
| 7:24 | Crear | Villager (Male) |
| 8:01 | Crear | Villager (Male) |
| 8:15 | Crear | Villager (Male) |
| 8:51 | Crear | Villager (Male) |
| 8:53 | Investigar | Feudal Age |
| 8:53 | Investigar | Feudal Age |
| 9:04 | Crear | Villager (Male) |
| 9:33 | Construir | House |
| 10:58 | Construir | House |
| 11:03 | Edad | Edad Feudal |
| 11:04 | Construir | House |
| 11:14 | Construir | Blacksmith |
| 11:15 | Crear | Villager (Male) |
| 11:26 | Construir | Mining Camp |
| 11:44 | Construir | Farm |
| 11:44 | Crear | Villager (Male) |
| 11:47 | Construir | Farm |
| 11:56 | Construir | Farm |
| 11:57 | Crear | Villager (Male) |
| 12:22 | Construir | Market |
| 12:38 | Investigar | Double-Bit Axe |
| 12:41 | Crear | Villager (Male) |
| 13:05 | Investigar | Castle Age |
| 13:18 | Construir | Lumber Camp |
| 13:43 | Construir | Lumber Camp |
| 13:45 | Crear | Villager (Male) |
| 13:52 | Investigar | Horse Collar |
| 14:32 | Crear | Villager (Male) |
| 14:47 | Construir | Farm |
| 14:49 | Construir | Farm |
| 14:50 | Crear | Villager (Male) |
| 15:03 | Crear | Villager (Male) |
| 15:48 | Edad | Edad de los Castillos |
| 15:51 | Construir | Town Center |
| 15:53 | Crear | Villager (Male) |
| 15:54 | Construir | Farm |
| 15:57 | Construir | Farm |
| 16:18 | Construir | Farm |
| 16:19 | Crear | Villager (Male) |
| 16:22 | Investigar | Bow Saw |
| 16:27 | Construir | Town Center |
| 16:43 | Construir | House |
| 16:44 | Construir | House |
| 16:46 | Construir | Farm |
| 16:56 | Construir | House |
| 16:58 | Crear | Villager (Male) |
| 17:04 | Crear | Villager (Male) |
| 17:10 | Investigar | Wheelbarrow |
| 17:12 | Construir | Farm |
| 17:19 | Construir | House |
| 17:20 | Construir | House |
| 17:21 | Construir | House |
| 17:22 | Crear | Villager (Male) |
| 17:22 | Crear | Villager (Male) |
| 17:28 | Construir | Farm |
| 17:29 | Construir | Farm |
| 17:31 | Construir | Farm |
| 17:32 | Construir | Farm |
| 17:33 | Construir | Farm |
| 17:37 | Crear | Villager (Male) |
| 17:38 | Crear | Villager (Male) |
| 17:40 | Crear | Trade Cart |
| 17:45 | Construir | Farm |
| 17:49 | Crear | Villager (Male) |
| 17:52 | Investigar | Loom |
| 17:56 | Construir | Farm |
| 18:05 | Crear | Villager (Male) |
| 18:09 | Construir | Farm |
| 18:15 | Construir | House |
| 18:16 | Construir | House |
| 18:20 | Crear | Villager (Male) |
| 18:25 | Crear | Villager (Male) |
| 18:29 | Construir | Farm |
| 18:30 | Construir | Farm |
| 18:33 | Construir | Farm |
| 18:36 | Construir | Farm |
| 18:38 | Construir | Farm |
| 18:40 | Crear | Villager (Male) |
| 18:42 | Construir | Farm |
| 18:44 | Crear | Villager (Male) |
| 18:51 | Construir | House |
| 18:52 | Construir | House |
| 18:53 | Crear | Villager (Male) |
| 19:05 | Crear | Villager (Male) |
| 19:12 | Crear | Villager (Male) |
| 19:13 | Construir | Farm |
| 19:17 | Construir | Monastery |
| 19:22 | Crear | Villager (Male) |
| 19:30 | Construir | Mining Camp |
| 19:32 | Crear | Villager (Male) |
| 19:35 | Crear | Villager (Male) |
| 19:37 | Construir | Farm |
| 19:52 | Crear | Monk |
| 19:57 | Crear | Villager (Male) |
| 20:02 | Construir | Farm |
| 20:05 | Construir | Farm |
| 20:11 | Crear | Villager (Male) |
| 20:14 | Crear | Villager (Male) |
| 20:30 | Crear | Villager (Male) |
| 20:35 | Construir | Farm |
| 20:36 | Investigar | Heavy Plow |
| 20:41 | Crear | Villager (Male) |
| 20:42 | Crear | Villager (Male) |
| 20:56 | Crear | Villager (Male) |
| 21:00 | Construir | House |
| 21:01 | Construir | House |
| 21:04 | Crear | Villager (Male) |
| 21:08 | Investigar | Hand Cart |
| 21:15 | Crear | Villager (Male) |
| 21:15 | Crear | Villager (Male) |
| 21:43 | Construir | House |
| 21:44 | Construir | House |
| 21:45 | Crear | Villager (Male) |
| 21:45 | Crear | Villager (Male) |
Build order — Mothy
Primeras 150 de 468 acciones detectadas
| 0:02 | Crear | Villager (Male) |
| 0:02 | Crear | Villager (Male) |
| 0:04 | Construir | House |
| 0:06 | Construir | House |
| 0:34 | Crear | Villager (Male) ×2 |
| 1:33 | Crear | Villager (Male) |
| 2:04 | Crear | Villager (Male) |
| 2:07 | Construir | Lumber Camp |
| 2:29 | Crear | Villager (Male) |
| 2:29 | Investigar | Loom |
| 2:47 | Crear | Villager (Male) |
| 3:35 | Crear | Villager (Male) |
| 3:54 | Construir | House |
| 4:11 | Crear | Villager (Male) ×2 |
| 4:52 | Construir | House |
| 5:07 | Crear | Villager (Male) |
| 5:07 | Crear | Villager (Male) |
| 5:18 | Construir | House |
| 5:53 | Crear | Villager (Male) |
| 6:23 | Crear | Villager (Male) |
| 6:24 | Crear | Villager (Male) |
| 6:38 | Construir | Barracks |
| 7:54 | Investigar | Feudal Age |
| 7:58 | Construir | Mining Camp |
| 8:26 | Construir | Mill |
| 9:08 | Crear | Militia |
| 9:13 | Crear | Villager (Male) |
| 9:41 | Crear | Militia |
| 9:55 | Construir | Farm |
| 9:58 | Construir | Farm |
| 10:02 | Construir | Farm |
| 10:04 | Edad | Edad Feudal |
| 10:09 | Investigar | Man-at-Arms (upgrade) |
| 10:30 | Crear | Villager (Male) |
| 10:33 | Construir | Farm |
| 10:48 | Construir | Mining Camp |
| 11:10 | Crear | Villager (Male) |
| 11:10 | Crear | Villager (Male) |
| 11:15 | Investigar | Double-Bit Axe |
| 11:18 | Investigar | Horse Collar |
| 11:28 | Construir | Farm |
| 11:37 | Investigar | Man-at-Arms (upgrade) |
| 11:38 | Crear | Militia |
| 11:54 | Construir | Farm |
| 11:58 | Crear | Villager (Male) |
| 11:58 | Crear | Villager (Male) |
| 12:22 | Construir | Farm |
| 12:27 | Construir | Farm |
| 12:30 | Crear | Villager (Male) |
| 13:00 | Construir | Mill |
| 13:13 | Crear | Villager (Male) |
| 13:18 | Construir | Blacksmith |
| 13:32 | Crear | Villager (Male) |
| 13:48 | Crear | Villager (Male) |
| 14:06 | Construir | Farm |
| 14:07 | Construir | Farm |
| 14:10 | Crear | Villager (Male) |
| 14:27 | Construir | House |
| 14:28 | Construir | House |
| 14:41 | Crear | Villager (Male) |
| 14:47 | Construir | Farm |
| 14:48 | Construir | Farm |
| 14:50 | Construir | Farm |
| 15:12 | Crear | Villager (Male) |
| 15:30 | Construir | Palisade Wall |
| 15:34 | Construir | Palisade Gate |
| 15:47 | Crear | Villager (Male) |
| 15:48 | Crear | Villager (Male) |
| 15:57 | Construir | Market |
| 16:38 | Construir | House |
| 16:52 | Construir | House |
| 17:28 | Construir | Lumber Camp |
| 17:32 | Investigar | Castle Age |
| 17:50 | Crear | Villager (Male) |
| 17:56 | Construir | Watch Tower |
| 18:47 | Investigar | Forging |
| 19:07 | Investigar | Arson |
| 19:51 | Investigar | Stone Mining |
| 19:53 | Investigar | Gold Mining |
| 20:12 | Edad | Edad de los Castillos |
| 20:14 | Construir | Town Center |
| 20:29 | Investigar | Bow Saw |
| 20:33 | Investigar | Iron Casting |
| 20:34 | Crear | Villager (Male) |
| 20:34 | Crear | Villager (Male) |
| 21:00 | Construir | Town Center |
| 21:12 | Investigar | Wheelbarrow |
| 21:25 | Crear | Villager (Male) |
| 21:46 | Crear | Villager (Male) |
| 21:46 | Crear | Villager (Male) |
| 21:49 | Crear | Villager (Male) |
| 21:52 | Construir | University |
| 21:58 | Investigar | Town Watch |
| 22:08 | Construir | Farm |
| 22:15 | Crear | Villager (Male) |
| 22:23 | Construir | Farm |
| 22:36 | Crear | Villager (Male) |
| 22:44 | Construir | Farm |
| 23:06 | Crear | Villager (Male) |
| 23:11 | Crear | Villager (Male) |
| 23:14 | Construir | Farm |
| 23:22 | Crear | Villager (Male) |
| 23:31 | Crear | Villager (Male) |
| 23:32 | Crear | Villager (Male) |
| 23:37 | Construir | Farm |
| 23:42 | Crear | Villager (Male) |
| 23:51 | Construir | Watch Tower |
| 23:51 | Construir | Watch Tower |
| 24:06 | Investigar | Fletching |
| 24:07 | Crear | Villager (Male) |
| 24:07 | Crear | Villager (Male) |
| 24:16 | Construir | Farm |
| 24:17 | Construir | Farm |
| 24:20 | Construir | Farm |
| 24:22 | Crear | Villager (Male) |
| 24:22 | Crear | Villager (Male) |
| 24:28 | Crear | Villager (Male) |
| 24:36 | Crear | Villager (Male) |
| 24:41 | Construir | Lumber Camp |
| 24:45 | Construir | Farm |
| 24:49 | Construir | Farm |
| 24:50 | Crear | Villager (Male) |
| 24:59 | Construir | Farm |
| 25:01 | Crear | Villager (Male) |
| 25:07 | Crear | Villager (Male) |
| 25:20 | Construir | Castle |
| 25:26 | Construir | Mining Camp |
| 25:27 | Crear | Villager (Male) |
| 25:28 | Crear | Villager (Male) |
| 25:28 | Crear | Villager (Male) |
| 25:34 | Construir | Farm |
| 25:36 | Construir | Farm |
| 25:38 | Crear | Villager (Male) |
| 25:46 | Construir | Farm |
| 25:48 | Crear | Villager (Male) |
| 25:52 | Crear | Villager (Male) |
| 25:55 | Crear | Villager (Male) |
| 25:58 | Construir | Farm |
| 26:13 | Crear | Villager (Male) |
| 26:24 | Crear | Villager (Male) |
| 26:24 | Crear | Villager (Male) |
| 26:24 | Crear | Villager (Male) |
| 26:24 | Crear | Villager (Male) |
| 26:29 | Construir | House |
| 26:29 | Construir | House |
| 26:30 | Construir | House |
| 26:32 | Construir | House |
| 26:32 | Construir | House |
| 26:33 | Construir | House |
| 26:34 | Construir | House |
Cronología de la partida
| 4:04 | willem.goossenss · wall_segment Palisade Wall x13 |
| 6:17 | willem.goossenss · wall_segment Palisade Wall x7 |
| 6:37 | willem.goossenss · wall_segment Palisade Wall x3 |
| 6:38 | Mothy · first_building Barracks |
| 6:51 | willem.goossenss · wall_segment Palisade Wall x4 |
| 8:21 | S3cc0 · first_building Barracks |
| 8:23 | willem.goossenss · wall_segment Palisade Wall x3 |
| 8:26 | willem.goossenss · wall_segment Palisade Wall x1 |
| 8:30 | willem.goossenss · wall_segment Palisade Wall x1 |
| 8:34 | willem.goossenss · wall_segment Palisade Wall x1 |
| 8:39 | willem.goossenss · wall_segment Palisade Wall x1 |
| 8:52 | willem.goossenss · wall_segment Palisade Wall x1 |
| 8:58 | willem.goossenss · wall_segment Palisade Wall x1 |
| 9:10 | S3cc0 · age_up feudal |
| 9:28 | FML RedPheonix · first_building Barracks |
| 9:39 | Blade_PEC · age_up feudal |
| 9:44 | S3cc0 · first_building Stable |
| 9:51 | 貓的貢丸 · age_up feudal |
| 10:04 | Mothy · age_up feudal |
| 10:08 | 貓的貢丸 · wall_segment Stone Wall x26 |
| 10:08 | S3cc0 · wall_segment Palisade Wall x4 |
| 10:55 | S3cc0 · wall_segment Palisade Wall x6 |
| 11:01 | S3cc0 · wall_segment Palisade Wall x3 |
| 11:03 | 初夏花开 · age_up feudal |
| 11:09 | FML RedPheonix · first_building Stable |
| 11:11 | Blade_PEC · first_market_sell 100 wood |
| 11:13 | Blade_PEC · first_market_buy 100 food |
| 12:40 | BruceC · age_up feudal |
| 13:04 | 初夏花开 · first_market_sell 100 wood |
| 13:15 | 貓的貢丸 · wall_segment Stone Wall x1 |
| 13:44 | Blade_PEC · age_up castle |
| 14:37 | willem.goossenss · wall_segment Palisade Wall x17 |
| 14:56 | willem.goossenss · wall_segment Palisade Wall x2 |
| 15:09 | FML RedPheonix · first_building Monastery |
| 15:21 | willem.goossenss · wall_segment Palisade Wall x5 |
| 15:26 | 貓的貢丸 · age_up castle |
| 15:30 | Mothy · wall_segment Palisade Wall x26 |
| 15:48 | 初夏花开 · age_up castle |
| 16:27 | BruceC · age_up castle |
| 16:52 | willem.goossenss · wall_segment Palisade Wall x1 |
| 16:57 | willem.goossenss · wall_segment Palisade Wall x3 |
| 17:00 | willem.goossenss · wall_segment Palisade Wall x2 |
| 17:09 | willem.goossenss · wall_segment Palisade Wall x1 |
| 17:40 | BruceC · first_building Siege Workshop |
| 17:57 | willem.goossenss · wall_segment Palisade Wall x1 |
| 18:23 | willem.goossenss · wall_segment Palisade Wall x1 |
| 18:34 | willem.goossenss · wall_segment Palisade Wall x1 |
| 18:37 | willem.goossenss · age_up feudal |
| 18:37 | willem.goossenss · wall_segment Palisade Wall x1 |
| 18:50 | Mothy · first_market_sell 100 wood |
| 18:56 | Mothy · first_market_buy 100 food |
| 18:57 | FML RedPheonix · wall_segment Palisade Wall x22 |
| 19:00 | willem.goossenss · wall_segment Palisade Wall x1 |
| 19:17 | 初夏花开 · first_building Monastery |
| 20:12 | Mothy · age_up castle |
| 20:26 | S3cc0 · first_market_sell 100 food |
| 20:27 | S3cc0 · first_market_buy 100 wood |
| 20:36 | S3cc0 · age_up castle |
| 21:50 | FML RedPheonix · wall_segment Palisade Wall x1 |
| 22:03 | 初夏花开 · first_building Barracks |
| 23:12 | FML RedPheonix · wall_segment Stone Wall x28 |
| 24:03 | willem.goossenss · tribute_sent a jugador 1 |
| 24:03 | willem.goossenss · tribute_sent a jugador 2 |
| 24:03 | willem.goossenss · tribute_sent a jugador 3 |
| 24:03 | willem.goossenss · tribute_sent a jugador 4 |
| 24:03 | willem.goossenss · tribute_sent a jugador 6 |
| 24:03 | willem.goossenss · tribute_sent a jugador 7 |
| 24:03 | willem.goossenss · tribute_sent a jugador 8 |
| 24:28 | 初夏花开 · first_building Stable |
| 24:52 | willem.goossenss · wall_segment Palisade Wall x1 |
| 24:55 | FML RedPheonix · first_building Siege Workshop |
| 24:56 | willem.goossenss · wall_segment Palisade Wall x1 |
| 24:58 | Blade_PEC · first_building Monastery |
| 25:00 | willem.goossenss · wall_segment Palisade Wall x1 |
| 25:11 | 貓的貢丸 · first_building Stable |
| 25:20 | Mothy · first_building Castle |
| 25:45 | BruceC · wall_segment Palisade Wall x1 |
| 26:18 | BruceC · first_building Barracks |
| 26:31 | 貓的貢丸 · first_building Castle |
| 26:49 | 初夏花开 · wall_segment Palisade Wall x1 |
| 26:56 | Blade_PEC · first_building Siege Workshop |
| 27:00 | Blade_PEC · first_building Barracks |
| 27:40 | S3cc0 · first_building Archery Range |
| 27:42 | Blade_PEC · first_building Stable |
| 28:00 | BruceC · first_market_sell 100 food |
| 28:13 | willem.goossenss · tribute_sent a jugador 1 |
| 28:13 | willem.goossenss · tribute_sent a jugador 2 |
| 28:13 | willem.goossenss · tribute_sent a jugador 3 |
| 28:13 | willem.goossenss · tribute_sent a jugador 4 |
| 28:13 | willem.goossenss · tribute_sent a jugador 6 |
| 28:13 | willem.goossenss · tribute_sent a jugador 7 |
| 28:13 | willem.goossenss · tribute_sent a jugador 8 |
| 28:30 | willem.goossenss · age_up castle |
| 28:38 | Blade_PEC · age_up imperial |
| 28:53 | S3cc0 · first_building Monastery |
| 31:13 | BruceC · first_building Castle |
| 31:14 | BruceC · age_up imperial |
| 31:19 | Blade_PEC · first_building Castle |
| 31:20 | 初夏花开 · first_market_buy 500 wood |
| 31:23 | 初夏花开 · first_building Archery Range |
| 31:33 | 初夏花开 · age_up imperial |
| 32:02 | willem.goossenss · tribute_sent a jugador 1 |
| 32:02 | willem.goossenss · tribute_sent a jugador 2 |
| 32:02 | willem.goossenss · tribute_sent a jugador 3 |
| 32:02 | willem.goossenss · tribute_sent a jugador 4 |
| 32:02 | willem.goossenss · tribute_sent a jugador 6 |
| 32:02 | willem.goossenss · tribute_sent a jugador 7 |
| 32:02 | willem.goossenss · tribute_sent a jugador 8 |
| 32:20 | willem.goossenss · first_building Castle |
| 32:54 | FML RedPheonix · first_market_buy 100 food |
| 32:56 | S3cc0 · age_up imperial |
| 33:29 | FML RedPheonix · first_building Castle |
| 33:53 | 貓的貢丸 · wall_segment Stone Wall x1 |
| 33:57 | willem.goossenss · tribute_sent a jugador 1 |
| 33:57 | willem.goossenss · tribute_sent a jugador 2 |
| 33:57 | willem.goossenss · tribute_sent a jugador 3 |
| 33:57 | willem.goossenss · tribute_sent a jugador 4 |
| 33:57 | willem.goossenss · tribute_sent a jugador 6 |
| 33:57 | willem.goossenss · tribute_sent a jugador 7 |
| 33:57 | willem.goossenss · tribute_sent a jugador 8 |
| 34:15 | 初夏花开 · first_building Castle |
| 34:20 | Mothy · age_up imperial |
| 35:35 | willem.goossenss · tribute_sent a jugador 1 |
| 35:35 | willem.goossenss · tribute_sent a jugador 2 |
| 35:35 | willem.goossenss · tribute_sent a jugador 3 |
| 35:35 | willem.goossenss · tribute_sent a jugador 4 |
| 35:35 | willem.goossenss · tribute_sent a jugador 6 |
| 35:35 | willem.goossenss · tribute_sent a jugador 7 |
| 35:35 | willem.goossenss · tribute_sent a jugador 8 |
| 36:24 | BruceC · wall_segment Stone Wall x21 |
| 37:09 | willem.goossenss · tribute_sent a jugador 1 |
| 37:09 | willem.goossenss · tribute_sent a jugador 2 |
| 37:09 | willem.goossenss · tribute_sent a jugador 3 |
| 37:09 | willem.goossenss · tribute_sent a jugador 4 |
| 37:09 | willem.goossenss · tribute_sent a jugador 6 |
| 37:09 | willem.goossenss · tribute_sent a jugador 7 |
| 37:09 | willem.goossenss · tribute_sent a jugador 8 |
| 37:54 | S3cc0 · first_building Castle |
| 38:44 | willem.goossenss · tribute_sent a jugador 1 |
| 38:44 | willem.goossenss · tribute_sent a jugador 2 |
| 38:44 | willem.goossenss · tribute_sent a jugador 3 |
| 38:44 | willem.goossenss · tribute_sent a jugador 4 |
| 38:44 | willem.goossenss · tribute_sent a jugador 6 |
| 38:44 | willem.goossenss · tribute_sent a jugador 7 |
| 38:44 | willem.goossenss · tribute_sent a jugador 8 |
| 40:32 | willem.goossenss · tribute_sent a jugador 1 |
| 40:32 | willem.goossenss · tribute_sent a jugador 2 |
| 40:32 | willem.goossenss · tribute_sent a jugador 3 |
| 40:32 | willem.goossenss · tribute_sent a jugador 4 |
| 40:32 | willem.goossenss · tribute_sent a jugador 6 |
| 40:32 | willem.goossenss · tribute_sent a jugador 7 |
| 40:32 | willem.goossenss · tribute_sent a jugador 8 |
| 41:44 | willem.goossenss · tribute_sent a jugador 1 |
| 41:44 | willem.goossenss · tribute_sent a jugador 2 |
| 41:44 | willem.goossenss · tribute_sent a jugador 3 |
| 41:44 | willem.goossenss · tribute_sent a jugador 4 |
| 41:44 | willem.goossenss · tribute_sent a jugador 6 |
| 41:44 | willem.goossenss · tribute_sent a jugador 7 |
| 41:44 | willem.goossenss · tribute_sent a jugador 8 |
| 42:47 | 貓的貢丸 · age_up imperial |
| 43:42 | willem.goossenss · resign |
[ ANÁLISIS IA · 1 CRÉDITO ]
¿Qué pasó realmente en esta partida?
Wolo.gg analiza cada decisión: build order, eco, micro, errores típicos por bracket. Análisis personalizado por WhatsApp o Discord en 30 segundos.
Guía civ
Magiares
Perfil
Jugador #1186424